Map: Submarine LE

Players

TYTY (TY) - Winner!

  • Race: Terran Terran
  • League: Grandmaster
  • Spawn Location: 11:00

TIME (Oliveira)

  • Race: Terran Terran
  • League: Grandmaster
  • Spawn Location: 5:00

Event: DreamHack SC2 Masters 2020 Summer Season Finals

VOD

Have the link to the VOD?

Description

Time

  • Played on: July 16, 2020, 12:57 p.m.
  • Length: 13:14

All games in this series

Show
View Real Time Build Order
Export as new Build Order

TYTY Terran - Winner!

Build Orders: 1/1/1 

Get SALT Encoding   

  12  0:00  SCV  
  13  0:12  SCV  
  14  0:17  Supply Depot  
  14  0:25  SCV  
  14  0:27  Refinery  
  15  0:38  SCV  
  16  0:44  Barracks  
  16  0:50  SCV  
  16  0:54  Refinery  
  17  1:03  SCV  
  18  1:15  SCV  
  19  1:32  Orbital Command, Factory  
  19  1:34  Reaper  
  20  1:42  Supply Depot  
  20  1:59  SCV  
  21  2:06  Reaper  
  22  2:11  SCV  
  25  2:15  Hellion  
  25  2:17  Starport  
  25  2:23  SCV  
  26  2:34  Supply Depot  
  26  2:35  SCV  
  29  2:37  Widow Mine  
  29  2:38  Barracks Tech Lab  
  29  2:47  SCV  
  30  3:02  Barracks Reactor, Raven  
  30  3:03  SCV  
  33  3:11  Command Center  
  33  3:18  SCV  
  34  3:22  Factory Tech Lab  
  34  3:23  Supply Depot  
  34  3:30  SCV  
  35  3:39  Marine  
  37  3:44  Siege Tank  
  37  3:46  SCV, Banshee  
  43  3:53  Refinery, Marine  
  44  3:56  Marine  
  46  4:04  Supply Depot  
  45  4:11  Marine  
  47  4:22  SCV, Siege Tank  
  51  4:26  Orbital Command  
  50  4:35  Viking  
  50  4:36  Viking  
  54  4:40  Marine  
  54  4:44  SCV  
  55  4:55  Siege Tank  
  58  5:02  Marine  
  58  5:05  Viking  
  61  5:10  Viking  
  61  5:11  SCV  
  61  5:12  Supply Depot  
  65  5:14  SCV  
  65  5:20  Marine  
  63  5:23  SCV  
  63  5:26  SCV  
  62  5:35  SCV  
  62  5:42  Viking x2  
  66  5:49  SCV x2  
  51  6:01  SCV, Marine  
  51  6:02  SCV  
  54  6:14  SCV x2, Viking  
  51  6:20  Marine  
  51  6:23  Siege Tank  
  55  6:27  SCV x2  
  55  6:39  SCV x2  
  57  6:45  Liberator x2  
  62  6:50  Marine  
  62  6:51  SCV x2  
  63  6:55  Siege Tank  
  66  7:03  SCV x2, Supply Depot  
  66  7:08  Marine  
  70  7:15  SCV  
  70  7:16  SCV  
  70  7:18  Command Center  
  70  7:21  Stimpack  
  71  7:27  SCV  
  71  7:28  SCV, Marine, Siege Tank  
  76  7:39  Viking, SCV  
  76  7:40  SCV  
  80  7:47  Refinery, Marine  
  81  7:52  SCV x2  
  81  7:55  Barracks x2  
  83  8:04  SCV x2  
  83  8:05  Marine  
  85  8:16  SCV  
  86  8:20  SCV  
  86  8:22  Viking  
  85  8:28  SCV  
  85  8:30  Siege Tank  
  85  8:34  Viking  
  86  8:36  Engineering Bay  
  86  8:37  Orbital Command, Marine  
  86  8:39  SCV, Engineering Bay  
  86  8:40  SCV  
  89  8:48  Barracks  
  89  8:50  Barracks  
  89  8:51  SCV  
  89  8:52  Viking  
  89  8:54  Orbital Command  
  85  8:58  Barracks Reactor x2, Marine  
  85  9:00  SCV  
  85  9:03  Viking  
  85  9:06  Terran Infantry Weapons Level 1, Terran Infantry Armor Level 1  
  87  9:13  SCV x2  
  87  9:16  Siege Tank  
  92  9:19  Marine  
  92  9:22  SCV  
  94  9:25  SCV  
  94  9:26  SCV  
  94  9:28  Supply Depot  
  96  9:32  Viking  
  96  9:34  SCV  
  99  9:38  Supply Depot  
  99  9:40  SCV x2  
  101  9:50  Viking, Siege Tank  
  101  9:52  Barracks Reactor x2, Marine x3  
  106  9:55  Supply Depot  
  106  9:57  Refinery  
  109  10:00  Marine x2  
  111  10:10  Marine x2  
  111  10:11  Refinery  
  111  10:12  Supply Depot  
  111  10:13  Armory, Supply Depot  
  112  10:14  Viking  
  112  10:16  SCV  
  112  10:21  Sensor Tower  
  115  10:22  Marine  
  115  10:24  Marine  
  115  10:27  Siege Tank  
  120  10:33  Marine x2  
  114  10:36  Supply Depot  
  114  10:37  Marine x2  
  114  10:42  Marine x2  
  107  10:43  SCV, Medivac  
  107  10:44  SCV, Marine x2  
  107  10:47  SCV  
  107  10:48  Marine  
  110  10:51  Marine x2  
  110  10:53  Medivac  
  110  10:55  Marine  
  110  10:56  SCV, Marine  
  112  10:57  Combat Shield  
  112  10:59  Marine  
  112  11:02  Marine x3  
  116  11:07  Marine  
  116  11:09  Marine x2  
  122  11:18  Marine x2  
  119  11:24  Marine x3  
  124  11:25  Marine  
  124  11:27  Marine  
  124  11:30  Medivac  
  124  11:31  Marine  
  129  11:34  Medivac  
  129  11:38  Marine  
  129  11:39  Orbital Command, Marine  
  132  11:40  Marine  
  132  11:44  Marine x2  
  136  11:52  Marine x2  
  136  11:53  Marine x2  
  136  11:56  Marine  
  136  11:57  Marine  
  136  12:01  Marine  
  138  12:02  Marine x2  
  138  12:04  Medivac  
  143  12:10  Marine x3  
  143  12:11  Marine  
  143  12:14  Supply Depot  
  147  12:19  Medivac  
  149  12:36  Marine x5, Siege Tank  
  157  12:43  Factory  
  157  12:46  Supply Depot x3  
  157  12:56  Sensor Tower  
  157  12:57  Supply Depot  
Show
View Real Time Build Order
Export as new Build Order

TIME Terran 

Build Orders:  

Get SALT Encoding   

  12  0:00  SCV  
  13  0:13  SCV  
  14  0:17  Supply Depot  
  14  0:25  SCV  
  15  0:29  Refinery  
  15  0:39  SCV  
  16  0:44  Barracks  
  16  0:51  SCV  
  16  0:54  Refinery  
  17  1:03  SCV  
  18  1:15  SCV  
  19  1:31  Reaper, Orbital Command  
  20  1:36  Factory  
  20  1:42  Supply Depot  
  20  1:57  SCV  
  21  2:03  Reaper  
  22  2:09  SCV  
  23  2:20  Hellion  
  23  2:21  SCV  
  26  2:26  Command Center  
  26  2:33  SCV  
  26  2:35  Reaper  
  28  2:41  Hellion  
  30  2:44  Starport  
  30  2:48  SCV  
  31  2:53  Supply Depot  
  31  3:03  Factory Tech Lab  
  31  3:08  Barracks Tech Lab  
  31  3:15  SCV  
  32  3:22  Cyclone  
  32  3:26  Refinery  
  35  3:28  SCV  
  35  3:32  Banshee  
  37  3:38  Orbital Command  
  37  3:40  SCV  
  38  3:47  Barracks Reactor  
  38  3:52  SCV  
  38  3:54  Siege Tank  
  42  4:03  SCV  
  42  4:04  SCV  
  44  4:15  SCV  
  44  4:16  SCV  
  46  4:17  Raven  
  46  4:20  Command Center  
  48  4:25  Supply Depot  
  48  4:28  SCV  
  49  4:35  SCV, Siege Tank  
  49  4:37  Marine  
  54  4:42  Refinery  
  54  4:46  Marine  
  54  4:48  SCV  
  54  4:50  SCV  
  57  4:55  Supply Depot  
  57  5:00  SCV  
  57  5:03  SCV  
  59  5:08  Viking  
  61  5:16  Marine  
  61  5:17  Viking, Siege Tank  
  61  5:20  Stimpack  
  61  5:21  SCV  
  65  5:38  Viking  
  67  5:47  Viking  
  43  5:57  Cyclone  
  43  5:58  SCV  
  43  6:00  Marine  
  43  6:02  Orbital Command  
  43  6:03  SCV  
  49  6:08  Viking  
  36  6:20  SCV  
  36  6:23  Marine  
  37  6:29  SCV x2  
  35  6:37  Siege Tank  
  35  6:41  SCV  
  36  6:48  SCV  
  36  6:51  SCV  
  38  6:54  Starport Reactor, Marine  
  38  6:56  SCV  
  38  7:00  Barracks  
  38  7:01  SCV  
  41  7:08  SCV  
  41  7:09  SCV, Siege Tank  
  46  7:16  SCV, Barracks  
  46  7:20  SCV  
  46  7:21  SCV, Marine  
  50  7:28  SCV  
  51  7:30  Viking x2  
  51  7:33  SCV x2  
  57  7:39  Bunker  
  57  7:43  Siege Tank  
  60  7:45  SCV  
  60  7:48  Marine  
  62  7:52  SCV  
  63  7:59  SCV  
  63  8:03  Viking x2  
  63  8:05  SCV x2  
  70  8:07  Marine  
  70  8:08  Marine x2  
  70  8:27  Marine x2, Siege Tank  
  59  8:29  SCV  
  62  8:35  Viking  
  62  8:36  SCV  
  62  8:37  SCV  
  62  8:38  Combat Shield  
  62  8:40  Engineering Bay, Marine  
  67  8:42  Engineering Bay  
  67  8:45  Marine  
  67  8:48  SCV  
  63  8:58  Marine  
  63  8:59  Viking  
  63  9:01  SCV  
  64  9:03  SCV x2  
  64  9:04  Barracks Reactor  
  64  9:05  Barracks Reactor  
  65  9:13  SCV, Terran Infantry Weapons Level 1  
  65  9:16  Terran Infantry Armor Level 1  
  65  9:23  Siege Tank  
  65  9:24  SCV  
  69  9:31  Supply Depot  
  69  9:33  Marine  
  69  9:35  SCV  
  69  9:36  SCV  
  69  9:38  Viking  
  74  9:44  Viking  
  74  9:45  Marine  
  77  9:47  SCV, Marine  
  77  9:48  SCV  
  80  9:55  Marine  
  80  9:56  Supply Depot  
  80  9:59  SCV  
  82  10:00  Siege Tank  
  82  10:01  Marine  
  82  10:03  SCV  
  82  10:04  Marine  
  82  10:06  Marine  
  82  10:07  Marine  
  88  10:11  Viking  
  88  10:13  Marine  
  91  10:17  SCV  
  91  10:18  SCV, Marine  
  93  10:21  Marine  
  93  10:25  Supply Depot, Marine  
  93  10:27  Orbital Command, Marine  
  96  10:29  SCV  
  84  10:39  Marine  
  84  10:41  Marine x2  
  71  10:44  Marine  
  71  10:47  Marine  
  71  10:48  Siege Tank  
  68  10:51  SCV  
  68  10:53  Medivac x2  
  68  10:54  SCV  
  68  10:56  SCV  
  73  10:57  Marine  
  74  11:06  SCV x2  
  74  11:08  SCV, Marine x2  
  74  11:09  Marine  
  80  11:16  Marine  
  80  11:17  Barracks x2  
  81  11:18  SCV  
  81  11:21  SCV x2, Marine  
  85  11:26  Supply Depot  
  85  11:30  SCV, Marine  
  87  11:33  Marine, Siege Tank  
  87  11:35  SCV x2  
  87  11:39  Armory  
  93  11:40  Marine x2  
  93  11:42  SCV  
  93  11:44  Supply Depot  
  93  11:45  Marine  
  97  11:48  Marine  
  97  11:50  Viking x2  
  102  11:56  Marine  
  102  11:57  Marine  
  102  11:59  SCV x2  
  102  12:00  SCV, Supply Depot  
  107  12:03  Marine  
  107  12:06  Barracks Reactor, Sensor Tower  
  107  12:07  Barracks Reactor  
  107  12:08  Marine  
  109  12:09  Siege Tank  
  109  12:11  SCV x2, Marine  
  109  12:14  Marine  
  115  12:20  Refinery, Marine  
  115  12:21  Refinery  
  116  12:23  Viking x2  
  120  12:31  Marine x2  
  120  12:35  Marine x2  
  124  12:38  Marine  
  124  12:44  Marine x2  
  126  12:49  Marine x2  
  132  12:53  Marine  
  132  12:55  Marine  
Tags
 
Add a new tag
Caveats
  • Supply blocks, unpowered buildings, or Contaminate may cause inaccurate times.
  • Supply counts are checked every 10 seconds.